 Dungeon Crawl Stone Soup version 0.29-a0-719-g0fec994a2d (webtiles) character file.

Game seed: 17445985462634454846

3505 1stPlace the Spear-Bearer (level 10, -11/64 HPs)
             Began as a Tengu Berserker on June 26, 2022.
             Was a Priest of Trog.
             Shot with a bolt by an orc warrior (18 damage)
             ... on level 8 of the Dungeon.
             The game lasted 00:08:47 (7277 turns).

1stPlace the Spear-Bearer (Tengu Berserker)         Turns: 7277, Time: 00:08:48

Health: -11/64     AC: 10    Str: 21    XL:     10   Next: 7%
Magic:  11/11      EV: 13    Int:  8    God:    Trog [***...]
Gold:   307        SH:  0    Dex: 14    Spells: 9/9 levels left

rFire   . . .      SeeInvis .   r - +1 spear (vorpal)
rCold   . . .      Faith    .   (no shield)
rNeg    . . .      Spirit   .   A - +0 chain mail
rPois   .          Reflect  .   (helmet restricted)
rElec   .          Harm     .   (no cloak)
rCorr   .          Rampage  .   (no gloves)
Will    ++...                   (boots unavailable)
Stlth   ..........              (no amulet)
HPRegen 1.20/turn               (no ring)
MPRegen 0.12/turn               (no ring)

@: strong-willed, on berserk cooldown, flying quickly and evasively,
regenerating, slowed, very slow
A: beak, talons 3, nimble flight
a: Renounce Religion, Berserk, Trog's Hand


You were on level 8 of the Dungeon.
You worshipped Trog.
Trog was most pleased with you.
You visited 1 branch of the dungeon, and saw 8 of its levels.

You collected 307 gold pieces.

Inventory:

Hand Weapons
 r - a +1 vorpal spear (weapon)
 w - a +0 glaive
 y - a +2 spear of freezing
Missiles
 j - 2 throwing nets (quivered)
Armour
 A - a +0 chain mail (worn)
Wands
 k - a wand of mindburst (15)
 p - a wand of charming (4)
 t - a wand of flame (29)
 B - a wand of iceblast (8)
Scrolls
 d - a scroll of blinking {unknown}
 e - 2 scrolls of enchant armour {unknown}
 g - 7 scrolls of identify {unknown}
 h - 2 scrolls of teleportation {unknown}
 i - a scroll of poison {unknown}
 l - 2 scrolls of vulnerability {unknown}
 m - 2 scrolls of magic mapping {unknown}
 o - a scroll of amnesia {unknown}
 q - a scroll of fear {unknown}
 s - a scroll of enchant weapon {unknown}
 z - a scroll of fog {unknown}
Potions
 a - a potion of cancellation {unknown}
 b - a potion of invisibility {unknown}
 c - 4 potions of haste {unknown}
 f - 2 potions of attraction {unknown}
 n - 6 potions of curing {unknown}
 u - a potion of lignification {unknown}
 v - 2 potions of heal wounds {unknown}
 x - a potion of berserk rage {unknown}


   Skills:
 + Level 7.7 Fighting
 + Level 8.4 Polearms
 + Level 8.0 Armour
 + Level 8.0 Dodging


You had 9 spell levels left.
You didn't know any spells.
Your spell library was empty.

Dungeon Overview and Level Annotations

Branches:
Dungeon (8/15)             Temple (0/1) D:7
   Lair: D:8-11

Altars:
Cheibriados
Hepliaklqana
Makhleb
Nemelex Xobeh
Vehumet
Xom
Zin
The Shining One

Shops:
D:4 (

Annotations:
D:7 2 transporters, sbaton's ghost, novice FoFi


Innate Abilities, Weirdness & Mutations

You have a beak for a mouth.
You have claws for feet.
Your magical nature lets you fly swiftly and evasively.


Message History

The orc warrior hits you with a +0 short sword.
You puncture the orc warrior!
The orc warrior is severely wounded.
A bullfrog comes into view.
The orc warrior hits you with a +0 short sword!
The bullfrog croaks.
You hit the orc warrior but do no damage.
Your kick misses the orc warrior. You peck the orc warrior.
The orc warrior is almost dead.
You hear a croak.
The orc warrior hits you with a +0 short sword.
You hit the orc warrior but do no damage.
The orc warrior is almost dead.
The orc warrior hits you with a +0 short sword.
You hit the orc warrior. Your peck misses the orc warrior.
The orc warrior is almost dead.
A gnoll sergeant comes into view. It is wielding a +0 spear.
The orc warrior hits you with a +0 short sword!
* * * LOW HITPOINT WARNING * * *
You are too injured to fight recklessly!
Your skin crawls.
You feel strong-willed. The orc warrior barely misses you.
The orc warrior unwields a +0 short sword.
The orc warrior wields a +0 arbalest.
The orc warrior shoots a bolt.
The bolt closely misses you.
A bullfrog comes into view.
The orc warrior shoots a bolt.
The bolt hits you.
* * * LOW HITPOINT WARNING * * *
You see here a yak corpse.
The orc warrior shoots a bolt.
The bolt hits you!
* * * LOW HITPOINT WARNING * * *
Okay, then.
Okay, then.
The orc warrior shoots a bolt.
The bolt hits you.
* * * LOW HITPOINT WARNING * * *
The orc warrior shoots a bolt.
The bolt hits you but does no damage.
The orc warrior shoots a bolt.
The bolt hits you but does no damage.
The orc warrior shoots a bolt.
The bolt hits you!!
You die...

#.#.#.#)# #.#..##F#
#.#...#o# +. #.#†.# #.
#..#.# #.##.#..#
.#######..#.##.###
...................
.......##@#########
##.......# ########
#).....### ##......#
...##....# #........
#...## ##........
##..#########.........
#<.......>...........
##...................
##.###........######


You could see an orc warrior and a bullfrog.

Vanquished Creatures
  A two-headed ogre (D:8)
  Grinder (D:6)
  Sigmund (D:6)
  Eustachio (D:4)
  A yak (D:8)
  Menkaure (D:5)
  A water moccasin (D:7)
  A black bear (D:5)
  An ice beast (D:6)
  5 ogres
  A centaur (D:8)
  3 phantoms
  A kobold brigand (D:6)
  Blork the orc (D:6)
  2 bullfrogs
  A gnoll sergeant (D:8)
  2 scorpions (D:6)
  A howler monkey (D:4)
  3 hounds
  2 orc priests
  2 jellies
  An iguana (D:5)
  4 orc wizards
  8 gnolls
  7 adders
  2 shadow imps
  An ufetubus (D:4)
  2 worms
  4 dart slugs
  31 orcs
  7 ball pythons
  5 endoplasms
  A giant cockroach (D:1)
  7 goblins
  11 hobgoblins
  5 jackals (D:1)
  A quokka (D:1)
  3 bats
  4 frilled lizards
  19 kobolds
  5 rats
161 creatures vanquished.

Vanquished Creatures (others)
  7 plants
7 creatures vanquished.

Grand Total: 168 creatures vanquished

Notes
Turn   | Place    | Note
-------+----------+-------------------------------------------
     0 | D:1      | 1stPlace the Tengu Berserker began the quest for the Orb.
     0 | D:1      | Reached XP level 1. HP: 14/14 MP: 2/2
    72 | D:1      | Reached XP level 2. HP: 18/19 MP: 3/3
   226 | D:1      | Reached XP level 3. HP: 23/23 MP: 4/4
   313 | D:1      | Reached ** piety under Trog
  1173 | D:2      | Reached XP level 4. HP: 28/28 MP: 5/5
  2347 | D:3      | Found a sparkling altar of Nemelex Xobeh.
  2628 | D:3      | Found a glowing golden altar of the Shining One.
  3178 | D:4      | Gained mutation: Your magical nature lets you fly swiftly
                  | and evasively. [Tengu growth]
  3178 | D:4      | Reached XP level 5. HP: 30/33 MP: 6/6
  3300 | D:4      | Noticed a phantom
  3313 | D:4      | Killed a phantom
  3314 | D:4      | Reached XP level 6. HP: 21/38 MP: 7/7
  3602 | D:4      | Found Vieskant's Antique Weapon Shoppe.
  3694 | D:4      | Noticed Eustachio
  3703 | D:4      | Killed Eustachio
  3704 | D:4      | Reached skill level 5 in Polearms
  3704 | D:4      | Reached XP level 7. HP: 44/44 MP: 8/8
  4189 | D:5      | Entered Level 5 of the Dungeon
  4247 | D:5      | Reached skill level 5 in Fighting
  4307 | D:5      | Reached skill level 5 in Armour
  4307 | D:5      | Reached skill level 5 in Dodging
  4542 | D:5      | Noticed Menkaure
  4550 | D:5      | Killed Menkaure
  4551 | D:5      | Reached XP level 8. HP: 50/50 MP: 9/9
  5049 | D:6      | Noticed Grinder
  5064 | D:6      | Reached *** piety under Trog
  5119 | D:6      | Noticed Blork the orc
  5126 | D:6      | Killed Blork the orc
  5443 | D:6      | Killed Grinder
  5477 | D:6      | Reached XP level 9. HP: 55/55 MP: 10/10
  5653 | D:6      | Found a shimmering altar of Xom.
  5657 | D:6      | Found a burning altar of Makhleb.
  5658 | D:6      | Found a hazy altar of Hepliaklqana.
  5658 | D:6      | Found a radiant altar of Vehumet.
  6144 | D:6      | Noticed Sigmund
  6152 | D:6      | Killed Sigmund
  6276 | D:7      | Found a glowing silver altar of Zin.
  6414 | D:7      | Found a transporter.
  6417 | D:7      | Noticed sbaton's ghost (novice FoFi)
  6445 | D:7      | Found a transporter.
  6607 | D:7      | Found a snail-covered altar of Cheibriados.
  6651 | D:7      | Found a staircase to the Ecumenical Temple.
  7252 | D:8      | Noticed a two-headed ogre
  7259 | D:8      | Killed a two-headed ogre
  7260 | D:8      | Reached XP level 10. HP: 64/64 MP: 11/11
  7277 | D:8      | Shot with a bolt by an orc warrior

Illustrated notes

Levels and vault maps discovered:
D:1:      dpeg_arrival_long_road, layout_loops_ring
D:2:      layout_basic, chequers_big_river, kennysheep_nondescript
D:3:      layout_loops_ring, mainiacjoe_overflow_tiny_flanked, tso_altar,
          minmay_between
D:4:      nicolae_cairo_tiling_very_big, layout_cave_pods, serial_shops,
          nicolae_diamond_shop, uniq_eustachio
D:5:      nicolae_BIG_FREAKIN_CUBE, layout_loops_ring, uniq_menkaure
D:6:      layout_basic, grunt_temple_overflow_open, minivault_22, uniq_sigmund,
          uniq_blork_the_orc, uniq_grinder
D:7:      layout_rooms, mainiacjoe_overflow_chevrons, zin_scriptorium,
          temple_green, gammafunk_ghost_stat_death, minmay_misc_feat_doors
D:8:      layout_cave_pods, david_lair_shrubbed, minmay_shattered_shrine

Skill      XL: |  1  2  3  4  5  6  7  8  9 10 |
---------------+-------------------------------+-----
Armour         | 3 4 5 6 7 8 |  8.0
Polearms       | 4 5 6 8 |  8.4
Dodging        | 3 4 5 6 8 |  8.0
Fighting       | 4 5 6 7 |  7.7

Action                   |  1- 3 |  4- 6 |  7- 9 | 10-12 || total
-------------------------+-------+-------+-------+-------++-------
Melee: Spear             |    70 |   143 |   160 |    11 ||   384
       Peck              |     8 |    22 |    32 |     3 ||    65
       Kick              |    10 |    31 |    63 |     4 ||   108
       Punch             |       |     2 |     2 |     1 ||     5
       Glaive            |       |       |    91 |       ||    91
Invok: Berserk           |       |     3 |     9 |       ||    12
       Trog's Hand       |       |     3 |     6 |     1 ||    10
 Stab: Sleeping          |     3 |       |       |       ||     3
Armor: Animal skin       |     6 |       |       |       ||     6
       Ring mail         |     2 |    11 |       |       ||    13
       Scale mail        |       |     3 |    36 |       ||    39
       Chain mail        |       |       |    14 |     4 ||    18
Dodge: Dodged            |    22 |    40 |   116 |     3 ||   181

Table legend: (Time is in decaauts)
 A = Elapsed time spent in this place.
 B = Non-inter-level travel time spent in this place.
 C = Inter-level travel time spent in this place.
 D = Time resting spent in this place.
 E = Time spent auto-exploring this place.
 F = Levels seen in this place.
 G = Mean time per level.
                   A        B        C        D        E       F      G
               +--------+--------+--------+--------+--------+-----+--------+
         Total |   7120 |   6927 |    193 |    298 |   5522 |   8 |  890.0 |
       Dungeon |   7120 |   6927 |    193 |    298 |   5522 |   8 |  890.0 |
               +--------+--------+--------+--------+--------+-----+--------+

Top non-repeatable levels by time:
     D:2: 1226 daAuts
     D:3: 1220 daAuts
     D:6: 1175 daAuts
     D:4: 983 daAuts
     D:5: 764 daAuts
     D:1: 708 daAuts
     D:7: 690 daAuts
     D:8: 350 daAuts
